 Dungeon Sprint DCSS version 0.30.1-11-g7821555f0a (webtiles) character file.

Game seed: 12095963796329129019

1646 Heoruswealwe the Impaler (level 8, -2/83 HPs)
             Began as a Minotaur Fighter on Nov 3, 2023.
             Was an Initiate of Gozag.
             Slain by a meliai
             ... wielding a +0 war axe
              (5 damage)
             ... in the Dungeon (Sprint IX: "|||||||||||||||||||||||||||||").
             The game lasted 00:03:09 (204 turns).

Heoruswealwe the Impaler (Minotaur Fighter)          Turns: 204, Time: 00:03:11

Health: -2/83      AC: 17    Str: 23    XL:     8   Next: 67%
Magic:  7/7        EV: 10    Int:  5    God:    Gozag
Gold:   1107       SH:  0    Dex: 10    Spells: 7/7 levels left

rFire   . . .        b - +2 halberd (protect)
rCold   . . .        (shield currently unavailable)
rNeg    . . .        c - +0 scale mail
rPois   .            (helmet restricted)
rElec   .            (no cloak)
rCorr   .            (no gloves)
SInv    .            e - +0 pair of boots
Will    .....        (no amulet) Stlth
                     (no ring)
HPRegen 0.33/turn    (no ring)
MPRegen 0.10/turn

%: no teleportation
@: gold aura, under a protective aura
A: horns 2, retaliatory headbutt
a: Renounce Religion, Potion Petition, Call Merchant, Bribe Branch


You were in the Dungeon.
You worshipped Gozag.
Gozag was most pleased with you.
You visited 1 branch You collected 1107 gold pieces.

Inventory:

Hand Weapons
 a - a +0 trident
 b - a +2 halberd of protection (weapon)
Armour
 c - a +0 scale mail (worn)
 d - a +0 buckler
 e - a +0 pair of boots (worn)
Wands
 j - a wand of light (10)
Scrolls
 h - a scroll of blinking
Potions
 f - a potion of heal wounds
 g - a potion of haste
 i - a potion of berserk rage
 k - a potion of might
 l - 5 potions of curing


   Skills:
 + Level 12.2 Fighting
 * Level 16.3 Polearms
 + Level 12.2 Armour
 - Level 3.6 Shields


You had 7 spell levels left.
You didn't know any spells.
Your spell library was empty.

Dungeon Overview and Level Annotations

Branches:
Dungeon (1/1)

Altars:
Cheibriados
Dithmenos
Elyvilon
Fedhas
Gozag
Hepliaklqana
Kikubaaqudgha
Makhleb
Nemelex Xobeh
Okawaru
Qazlal
Ru
Sif Muna
Trog
Uskayaw
Vehumet
Wu Jian
Xom
Yredelemnul
Zin
The Shining One
Jiyva
Lugonu


Innate Abilities, Weirdness & Mutations

You have a pair of horns on your head.
You reflexively headbutt those who attack you in melee.


Message History

Something smites you!
* * * LOW HITPOINT WARNING * * *
The centaur misses you.
The centaur kicks you but does no damage.
You puncture the centaur!
You kill the centaur!
You completely miss the meliai.
The meliai mumbles some strange prayers to its god against you.
Something smites you!
* * * LOW HITPOINT WARNING * * *
The meliai completely misses you. You furiously retaliate!
You headbutt the meliai, but do no damage.
The meliai stings you but does no damage.
You hit the meliai.
The meliai is moderately wounded.
The meliai barely misses you.
The meliai stings you but does no damage.
You barely miss the meliai.
The meliai is moderately wounded.
The meliai hits you with a +0 war axe.
* * * LOW HITPOINT WARNING * * *
The meliai stings you but does no damage.
You closely miss the meliai.
The meliai is moderately wounded.
The meliai hits you but does no damage.
The meliai stings you but does no damage.
The meliai hits you with a +0 war axe.
* * * LOW HITPOINT WARNING * * *
The meliai completely misses you.
You barely miss the meliai.
The meliai is moderately wounded.
The meliai hits you but does no damage.
The meliai stings you but does no damage.
You hit the meliai. You headbutt the meliai.
The meliai is heavily wounded.
The meliai hits you but does no damage. The meliai misses you.
The troll is distracted by your dazzling golden aura.
The meliai hits you but does no damage. The meliai stings you.
You die...
Your body crumbles into a pile of gold. $$$$$ $ $ $ $$$$$ $ $ ▓▓▓▓▓▓▓▓▓▓▓▓▓▓▓▓▓▓▓▓▓▓▓▓ ..cTCWy@....)'...=[[)?!' ▓▓▓▓▓▓▓▓▓▓▓▓▓▓▓▓▓▓▓▓▓▓▓▓

You could see a centaur warrior, a cyclops, a troll (unaware), a wraith and a meliai.

Vanquished Creatures
  A two-headed ogre (D)
  A kobold demonologist (D)
  2 yaks (D)
  A wyvern (D)
  An acid dragon (D)
  An ogre (D)
  A centaur (D)
  2 scorpions (D)
  A sleepcap (D)
  A bat (D)
  A kobold (D)
  A quokka (D)
  A ball python (D)
  2 goblins (D)
17 creatures vanquished.

Notes
Turn   | Place    | Note
-------+----------+-------------------------------------------
     0 | D        | Heoruswealwe the Minotaur Fighter began the quest for the
                  | Orb.
     0 | D        | Reached XP level 1. HP: 19/19 MP: 0/0
     8 | D        | Reached skill level 3 in Polearms
    26 | D        | Noticed a scorpion
    26 | D        | Noticed a scorpion
    26 | D        | Noticed an ogre
    26 | D        | Noticed a sleepcap
    30 | D        | Found a snail-covered altar of Cheibriados.
    30 | D        | Found a shadowy altar of Dithmenos.
    30 | D        | Found a white marble altar of Elyvilon.
    30 | D        | Found a blossoming altar of Fedhas.
    30 | D        | Found an opulent altar of Gozag.
    31 | D        | Found a hazy altar of Hepliaklqana.
    32 | D        | Found a viscous altar of Jiyva.
    33 | D        | Found an ancient bone altar of Kikubaaqudgha.
    34 | D        | Found a corrupted altar of Lugonu.
    35 | D        | Found a burning altar of Makhleb.
    36 | D        | Found a sparkling altar of Nemelex Xobeh.
    37 | D        | Found an iron altar of Okawaru.
    38 | D        | Became a worshipper of Gozag Ym Sagoz the Greedy
    42 | D        | Reached skill level 4 in Polearms
    47 | D        | Killed a scorpion
    48 | D        | Reached skill level 5 in Fighting
    48 | D        | Reached skill level 6 in Polearms
    48 | D        | Reached skill level 5 in Armour
    48 | D        | Reached XP level 2. HP: 28/30 MP: 1/1
    48 | D        | Reached XP level 3. HP: 35/37 MP: 2/2
    55 | D        | Killed a scorpion
    56 | D        | Reached skill level 8 in Polearms
    56 | D        | Reached XP level 4. HP: 45/45 MP: 3/3
    57 | D        | Killed an ogre
    58 | D        | Reached skill level 10 in Polearms
    58 | D        | Reached XP level 5. HP: 53/53 MP: 4/4
    82 | D        | Found a stormy altar of Qazlal.
    83 | D        | Found a sacrificial altar of Ru.
    84 | D        | Found a shimmering blue altar of Sif Muna.
    85 | D        | Found a bloodstained altar of Trog.
    86 | D        | Found a hide-covered altar of Uskayaw.
    87 | D        | Found a radiant altar of Vehumet.
    88 | D        | Found an ornate altar of the Wu Jian Council.
    89 | D        | Found a shimmering altar of Xom.
    90 | D        | Found a basalt altar of Yredelemnul.
    91 | D        | Found a glowing silver altar of Zin.
    92 | D        | Found a glowing golden altar of the Shining One.
   150 | D        | Noticed a wyvern
   150 | D        | Noticed a two-headed ogre
   150 | D        | Noticed a kobold demonologist
   150 | D        | Noticed a yak
   150 | D        | Noticed a yak
   150 | D        | Noticed an acid dragon
   153 | D        | Killed an acid dragon
   154 | D        | Reached skill level 11 in Polearms
   154 | D        | Reached XP level 6. HP: 30/62 MP: 5/5
   161 | D        | Killed a yak
   162 | D        | Reached skill level 12 in Polearms
   165 | D        | Killed a yak
   166 | D        | Reached skill level 10 in Fighting
   166 | D        | Reached skill level 13 in Polearms
   166 | D        | Reached skill level 10 in Armour
   166 | D        | Reached XP level 7. HP: 37/72 MP: 6/6
   170 | D        | Killed a kobold demonologist
   171 | D        | Reached skill level 14 in Polearms
   178 | D        | Killed a two-headed ogre
   179 | D        | Reached skill level 15 in Polearms
   179 | D        | Reached XP level 8. HP: 41/83 MP: 7/7
   188 | D        | Reached skill level 16 in Polearms
   195 | D        | Noticed a centaur warrior
   195 | D        | Noticed a troll
   195 | D        | Noticed a cyclops
   195 | D        | Noticed a meliai
   202 | D        | HP: 3/83 [meliai/+0 war axe (3)]
   204 | D        | Slain by a meliai

Illustrated notes

Levels and vault maps discovered:
D:        linesprint [early_d, line_temple, items_1, d_10, items_2, lair_1,
          lair_end, items_3, orc_1, orc_end, items_4, d_15, swamp_1, shoals_1,
          snake_1, spider_1, d_20, vaults_1, items_5, swamp_end, shoals_end,
          snake_end, spider_end, vaults_end, d_27, items_6, zot_1, zot_end,
          crypt_end, forest_end, elf_end, slime_end, tomb_end, abyss_end,
          pan_hell_end]

Skill      XL: |  1  2  3  4  5  6  7  8 |
---------------+-------------------------+-----
Polearms       | 6 8 10 11 13 15 16 | 16.3
Fighting       | 5 6 7 8 10 11 12 | 12.2
Armour         | 5 6 7 8 10 11 12 | 12.2
Shields        | |  3.6

Action                     |  1- 3 |  4- 6 |  7- 9 || total
---------------------------+-------+-------+-------++-------
  Melee: Trident           |    32 |     5 |       ||    37
         Headbutt          |     2 |     5 |     9 ||    16
         Halberd           |       |    13 |    30 ||    43
    Use: Scroll            |     1 |       |       ||     1
         Potion            |       |     1 |     1 ||     2
 Armour: Scale mail        |    12 |     1 |    18 ||    31
  Dodge: Dodged            |    23 |     8 |    12 ||    43
  Block: Buckler           |     5 |       |       ||     5
